 Dungeon Crawl Stone Soup version 0.30-a0-782-ge64f9170bb (webtiles) character file.

Game seed: 8291545329282502995

4004 Anon1729 the Cleaver (level 10, -11/88 HPs)
             Began as a Minotaur Monk on Feb 19, 2023.
             Was an Elder of Qazlal.
             Mangled by an orc warrior
             ... wielding a +0 dire flail
              (19 damage)
             ... on level 8 of the Dungeon.
             The game lasted 00:04:18 (5753 turns).

Anon1729 the Cleaver (Minotaur Monk)                Turns: 5753, Time: 00:04:18

Health: -11/88     AC: 11    Str: 19    XL:     10   Next: 3%
Magic:  8/12       EV: 10    Int:  7    God:    Qazlal [****..]
Gold:   422        SH:  5    Dex: 14    Spells: 9/9 levels left

rFire   + . .      SeeInvis .    y - +3 battleaxe
rCold   . . .      Faith    .    (shield currently unavailable)
rNeg    . . .      Spirit   .    d - +0 chain mail
rPois   .          Reflect  .    (helmet restricted)
rElec   .          Harm     .    (no cloak)
rCorr   .          Rampage  .    n - +0 pair of gloves
Will    .....                    (no boots) Stlth
                                 (no amulet)
HPRegen 0.34/turn                x - ring of protection from fire
MPRegen 0.13/turn                (no ring)

@: repel missiles
A: horns 2, retaliatory headbutt
a: Renounce Religion, Upheaval, Elemental Force


You were on level 8 of the Dungeon.
You worshipped Qazlal.
Qazlal was greatly pleased with you.
You visited 2 branches of the dungeon, and saw 9 of its levels.

You collected 422 gold pieces.

Inventory:

Hand Weapons
 a - a +0 hand axe
 y - a +3 battleaxe (weapon)
Missiles
 z - a throwing net (quivered)
Armour
 b - a +0 robe
 d - a +0 chain mail (worn)
 n - a +0 pair of gloves (worn)
Jewellery
 j - a ring of ice
 x - a ring of protection from fire (left hand)
 F - a ring of ice
 G - a ring of willpower
 H - a ring of ice
 J - a ring of poison resistance
Wands
 B - a wand of flame (18)
Scrolls
 g - 2 scrolls of noise {unknown}
 k - 4 scrolls of identify {unknown}
 l - 4 scrolls of magic mapping {unknown}
 o - 4 scrolls of fear {unknown}
 q - 3 scrolls of immolation {unknown}
 r - 2 scrolls of vulnerability {unknown}
 t - a scroll of teleportation {unknown}
 u - a scroll of blinking {unknown}
 v - 3 scrolls of silence {unknown}
 A - a scroll of acquirement {unknown}
 C - a scroll of poison {unknown}
Potions
 c - a potion of ambrosia
 e - 3 potions of heal wounds
 f - a potion of berserk rage {unknown}
 h - a potion of attraction
 i - a potion of curing
 m - 2 potions of invisibility
 p - 2 potions of haste {unknown}
 s - 3 potions of cancellation {unknown}
 w - a potion of mutation {unknown}
 D - a potion of magic {unknown}
 E - a potion of degeneration {unknown}
 I - a potion of might {unknown}


   Skills:
 + Level 8.2 Fighting
 + Level 8.2 Axes
 + Level 7.0 Armour
 + Level 7.5 Dodging
 + Level 5.7 Stealth
 + Level 4.5 Invocations


You had 9 spell levels left.
You didn't know any spells.
Your spell library contained the following spells:

 Spells                   Type           Power      Damage    Failure   Level
 Lesser Beckoning         Tloc           0%         N/A       100%        2
 Gell's Gravitas          Tloc           0%         N/A       100%        3
 Teleport Other           Tloc           0%         N/A       100%        3
 Tukima's Dance           Hex            0%         N/A       100%        3
 Cause Fear               Hex            0%         N/A       100%        4
 Alistair's Intoxication  Tmut/Pois      0%         N/A       100%        5
 Borgnjor's Vile Clutch   Necr/Erth      0%         N/A       100%        5
 Metabolic Englaciation   Hex/Ice        0%         N/A       100%        5
 Eringya's Noxious Bog    Tmut/Pois      0%         N/A       100%        6
 Discord                  Hex            0%         N/A       100%        8


Dungeon Overview and Level Annotations

Branches:
Dungeon (8/15)             Temple (1/1) D:4
   Lair: D:8-11

Altars:
Cheibriados
Dithmenos
Fedhas
Gozag
Hepliaklqana
Kikubaaqudgha
Makhleb
Nemelex Xobeh
Qazlal
Sif Muna
Trog
Vehumet
Xom
The Shining One

Shops:
D:1 (   D:6 *


Innate Abilities, Weirdness & Mutations

You have a pair of horns on your head.
You reflexively headbutt those who attack you in melee.


Message History

You slash the vampire mosquito!
The vampire mosquito is severely damaged.
You block the vampire mosquito's attack. x2
Aiming: Upheaval
Press: ? - help, Dir - move target, f - centaur
Aim: a centaur, wielding a +0 shortbow Magma suddenly erupts from the ground!
The blast of magma engulfs the vampire mosquito!
You destroy the vampire mosquito!
Qazlal accepts your kill.
The blast of magma engulfs the vampire mosquito!!
The vampire mosquito is severely damaged.
The blast of magma engulfs the centaur!!
You kill the centaur!
Qazlal accepts your kill.
You hear a shout!
You slash the yak!
The yak is severely wounded.
The yak closely misses you. You furiously retaliate!
You headbutt the yak!
You kill the yak!
Qazlal accepts your kill.
An orc warrior comes into view. It is wielding a +0 dire flail.
You block the orc's attack.
Your Armour skill increases to level 7!
You have reached level 10!
Unknown command.
You hit the orc. You headbutt the orc.
You kill the orc!
Qazlal accepts your kill.
The vampire mosquito bites you but does no damage.
You block the vampire mosquito's attack.
You slash the vampire mosquito!
You destroy the vampire mosquito!
Qazlal accepts your kill.
You slash the orc warrior! You headbutt the orc warrior!
The orc warrior is almost dead.
The orc warrior hits you with a +0 dire flail!
* * * LOW HITPOINT WARNING * * *
The orc warrior hits you with a +0 dire flail!!
You die...

##))......##
#..).......#
#..........##
#.<..........
#........#########
#........#.......#
##.......#.#...#.#
##......#.......###
#.####.'...<.○@o.#
#.#
#.#....§.°#†).....
#.#
#.#.#..○#.#.#..>..
#. #.#.......#o.
.... ###########...
... #... .. .... .
.....


You could see an orc warrior.

Vanquished Creatures
  Sigmund (D:2)
  4 yaks (D:8)
  2 steam dragons
  2 vampire mosquitoes (D:8)
  Menkaure (D:4)
  2 water moccasins
  An orc warrior (D:7)
  A black bear (D:6)
  A sky beast (D:7)
  2 centaurs
  2 bullfrogs
  A gnoll sergeant (D:7)
  A necrophage (D:6)
  3 scorpions
  5 wights (D:4)
  2 jellies (D:5)
  5 howler monkeys
  5 hounds
  A gnoll bouda (D:6)
  2 orc priests
  9 iguanas
  7 orc wizards
  4 adders
  24 gnolls
  A shadow imp (D:7)
  2 white imps
  An ufetubus (D:4)
  2 worms
  17 orcs
  5 endoplasms
  4 giant cockroaches
  3 goblins
  6 hobgoblins
  2 jackals (D:4)
  3 quokkas
  2 ball pythons (D:4)
  4 bats
  2 frilled lizards (D:1)
  9 kobolds
  5 rats
156 creatures vanquished.

Notes
Turn   | Place    | Note
-------+----------+-------------------------------------------
     0 | D:1      | Anon1729 the Minotaur Monk began the quest for the Orb.
     0 | D:1      | Reached XP level 1. HP: 19/19 MP: 0/0
    67 | D:1      | Found Qydgheh's Weapon Emporium.
   121 | D:1      | Reached XP level 2. HP: 25/27 MP: 1/1
   202 | D:1      | Found a faded altar of an unknown god.
   334 | D:1      | Reached skill level 1 in Armour
   650 | D:2      | Reached XP level 3. HP: 28/33 MP: 2/2
   702 | D:2      | Found a shimmering blue altar of Sif Muna.
  1210 | D:2      | Noticed Sigmund
  1222 | D:2      | Killed Sigmund
  1223 | D:2      | Reached XP level 4. HP: 15/41 MP: 3/3
  1223 | D:2      | Reached XP level 5. HP: 18/47 MP: 4/4
  1369 | D:3      | Got the Atlas of Imprecation
  2178 | D:4      | Noticed Menkaure
  2182 | D:4      | Killed Menkaure
  2183 | D:4      | Reached skill level 5 in Fighting
  2183 | D:4      | Reached skill level 5 in Axes
  2183 | D:4      | Reached XP level 6. HP: 26/56 MP: 5/5
  2319 | D:4      | Found a staircase to the Ecumenical Temple.
  2364 | D:4      | Reached XP level 7. HP: 13/61 MP: 6/6
  2562 | D:4      | Reached skill level 5 in Dodging
  2679 | Temple   | Entered the Ecumenical Temple
  2737 | Temple   | Became a worshipper of Qazlal Stormbringer
  2737 | Temple   | Reached * piety under Qazlal
  2737 | Temple   | Reached ** piety under Qazlal
  3236 | D:4      | Reached skill level 1 in Invocations
  3553 | D:5      | Entered Level 5 of the Dungeon
  3564 | D:5      | Reached XP level 8. HP: 57/70 MP: 6/8
  4131 | D:5      | Reached skill level 5 in Armour
  4262 | D:5      | Reached *** piety under Qazlal
  4501 | D:6      | Found Aczyd's Fire Supplies.
  4623 | D:6      | Reached XP level 9. HP: 55/79 MP: 10/10
  4949 | D:6      | Found a shimmering blue altar of Sif Muna.
  4987 | D:7      | Reached skill level 5 in Stealth
  5130 | D:7      | Reached **** piety under Qazlal
  5211 | D:7      | Identified the +1 ring mail of the Wilderness {Rampage
                  | Str-5 Int+3 Dex+5}
  5319 | D:7      | Found a sparkling altar of Nemelex Xobeh.
  5319 | D:7      | Found a burning altar of Makhleb.
  5751 | D:8      | Reached XP level 10. HP: 21/88 MP: 8/12
  5753 | D:8      | Mangled by an orc warrior

Illustrated notes

Levels and vault maps discovered:
D:1:      onia_arrival_pyramid, layout_basic, serial_shops, shop,
          chequers_ecumenical_altar_simple
D:2:      layout_basic, basic_altar, nicolae_titane, uniq_sigmund
D:3:      layout_basic, grunt_decor_fettered
D:4:      layout_gridville, minmay_temple_entry_proselytizer, uniq_menkaure
D:5:      layout_gridville, minivault_1
D:6:      layout_rooms, led_sif_pool, nicolae_shop_fire_sale
          [nicolae_sub_dead_trees]
D:7:      layout_rooms, nicolae_overflow_two_pavilions,
          kennysheep_generic_room_9
D:8:      layout_rooms, amcnicky_altar_gilded, serial_shops, shop,
          kennysheep_small_square
Temple:   compressed_dpeg_circular_temple

Skill      XL: |  1  2  3  4  5  6  7  8  9 |
---------------+----------------------------+-----
Armour         | 1 2 3 4 5 7 |  7.0
Fighting       | 4 5 6 7 8 |  8.2
Axes           | 4 5 6 7 8 |  8.2
Stealth        | 2 3 4 5 |  5.7
Dodging        | 4 5 6 7 |  7.5
Invocations    | 1 3 4 |  4.5

Action                     |  1- 3 |  4- 6 |  7- 9 | 10-12 || total
---------------------------+-------+-------+-------+-------++-------
  Melee: Hand axe          |    78 |    48 |       |       ||   126
         Headbutt          |     6 |    12 |    45 |     2 ||    65
         Punch             |     1 |       |       |       ||     1
         Battleaxe         |       |       |   238 |     3 ||   241
 Invoke: Upheaval          |       |       |     1 |       ||     1
    Use: Potion            |       |     4 |       |       ||     4
   Stab: Invisible         |       |     3 |       |       ||     3
 Armour: Chain mail        |    47 |    12 |   167 |     1 ||   227
  Dodge: Dodged            |    44 |    18 |   126 |       ||   188
  Block: Other             |       |       |    44 |     1 ||    45

Table legend: (Time is in decaauts)
 A = Elapsed time spent in this place.
 B = Non-inter-level travel time spent in this place.
 C = Inter-level travel time spent in this place.
 D = Time resting spent in this place.
 E = Time spent auto-exploring this place.
 F = Levels seen in this place.
 G = Mean time per level.
                   A        B        C        D        E       F      G
               +--------+--------+--------+--------+--------+-----+--------+
         Total |   5849 |   5648 |    201 |    464 |   4282 |   9 |  649.9 |
       Dungeon |   5770 |   5589 |    181 |    464 |   4252 |   8 |  721.2 |
        Temple |     78 |     58 |     20 |      0 |     30 |   1 |   78.0 |
               +--------+--------+--------+--------+--------+-----+--------+

Top non-repeatable levels by time:
     D:4: 1377 daAuts
     D:5: 967 daAuts
     D:3: 777 daAuts
     D:2: 775 daAuts
     D:7: 754 daAuts
     D:1: 580 daAuts
     D:6: 472 daAuts
  Temple: 78 daAuts
     D:8: 65 daAuts
